 Dungeon Crawl Stone Soup version 0.27-a0-412-g8dd771eca2 (webtiles) character file.

Game seed: 9210296069799642848

28320 vurker the Zephyrmancer (level 12, -3/85 (103) HPs)
             Began as a Demigod Air Elementalist on Feb 23, 2021.
             Slain by Rupert
             ... wielding a +3 great mace of draining
              (13 damage)
             ... on level 4 of the Lair of Beasts.
             The game lasted 00:26:19 (21139 turns).

vurker the Zephyrmancer (Demigod Air Elementalist) Turns: 21139, Time: 00:26:20

HP:   -3/85 (103)   AC: 11    Str:  9    XL:     12   Next: 75%
MP:   18/40         EV: 11    Int: 39    God:
Gold: 745           SH:  5    Dex: 14    Spells: 23/33 levels left

rFire    . . .     SeeInvis .   I - +0 whip (elec)
rCold    + . .     Faith    .   t - +0 buckler
rNeg     . . .     Spirit   .   K - +1 leather armour {rC+}
rPois    .         Reflect  .   s - +0 helmet
rElec    .         Harm     .   r - +2 cloak
rCorr    .         Rampage  .   o - +1 pair of gloves
Will     +....                  H - +0 pair of boots
Stlth    ++........             (no amulet)
HPRegen  0.24/turn              F - ring of magical power
MPRegen  0.27/turn              a - +6 ring of intelligence

@: heavily drained
A: high mp 1
a: no special abilities


You were on level 4 of the Lair of Beasts.
You visited 2 branches of the dungeon, and saw 15 of its levels.
You also visited: Ice Cave.

You collected 913 gold pieces.
You spent 168 gold pieces at shops.

Inventory:

Hand Weapons
 I - a +0 whip of electrocution (weapon)
   (You took it off Pikel on level 8 of the Dungeon)
Armour
 o - a +1 pair of gloves (worn)
   (You found it on level 2 of the Dungeon)
 r - a +2 cloak (worn)
   (You took it off Maurice on level 11 of the Dungeon)
 s - a +0 helmet (worn)
   (You found it on level 2 of the Dungeon)
 t - a +0 buckler (worn)
   (You found it on level 3 of the Dungeon)
 H - a +0 pair of boots (worn)
   (You found it on level 11 of the Dungeon)
 K - a +1 leather armour of cold resistance (worn)
   (You took it off a goblin on level 3 of the Dungeon)
Magical Staves
 G - a staff of fire
   (You found it on level 7 of the Dungeon)
 L - a staff of air {unknown}
   (You found it on level 4 of the Lair of Beasts)
Jewellery
 a - a +6 ring of intelligence (right hand)
   (You found it on level 3 of the Dungeon)
 g - a ring of willpower
   (You found it on level 1 of the Dungeon)
 m - a ring of protection from fire
   (You took it off a kobold on level 2 of the Dungeon)
 z - the ring of the Sky {Dex+5 SInv}
   (You found it on level 4 of the Dungeon)

   [ring of see invisible]

   It affects your dexterity (+5).
   It lets you see invisible.
 A - a ring of wizardry
   (You found it on level 5 of the Dungeon)
 F - a ring of magical power (left hand)
   (You found it on level 6 of the Dungeon)
 J - a ring of flight
   (You found it on level 11 of the Dungeon)
Wands
 d - a wand of iceblast (5)
   (You took it off Ijyb on level 4 of the Dungeon)
 u - a wand of paralysis (12)
   (You found it on level 8 of the Dungeon)
 v - a wand of digging (8)
   (You found it on level 4 of the Lair of Beasts)
 x - a wand of acid (6)
   (You found it on level 3 of the Lair of Beasts)
 B - a wand of mindburst (30)
   (You took it off Maurice on level 11 of the Dungeon)
 C - a wand of charming (10)
   (You found it on level 11 of the Dungeon)
Scrolls
 c - 3 scrolls of identify
 e - a scroll of blinking
 l - 3 scrolls of fog
 n - 2 scrolls of amnesia
 p - 4 scrolls of enchant armour
 q - a scroll of teleportation
 w - 4 scrolls of immolation
 y - a scroll of enchant weapon
Potions
 b - 7 potions of curing
 f - 2 potions of ambrosia
 h - 3 potions of brilliance
 i - 3 potions of heal wounds
 j - 2 potions of lignification
 k - 6 potions of haste
 D - 2 potions of resistance
 E - 2 potions of mutation


   Skills:
 + Level 8.3 Fighting
 - Level 1.7 Dodging
 - Level 1.7 Stealth
 - Level 4.0 Shields
 * Level 11.0 Spellcasting
 - Level 8.0 Conjurations
 * Level 11.9 Air Magic


You had 23 spell levels left.
You knew the following spells:

 Your Spells              Type           Power        Failure   Level
a - Shock                 Conj/Air       100%         1%          1
b - Lightning Bolt        Conj/Air       39%          1%          5
c - Airstrike             Air            43%          1%          4

Your spell library contained the following spells:

 Spells                   Type           Power        Failure   Level
 Poisonous Vapours        Pois/Air       100%         1%          2
 Swiftness                Air            86%          1%          2
 Conjure Flame            Conj/Fire      51%          1%          3
 Dazzling Flash           Conj/Hex       100%         1%          3
 Mephitic Cloud           Conj/Pois/Air  65%          1%          3
 Static Discharge         Conj/Air       78%          1%          3
 Summon Lightning Spire   Summ/Air       62%          1%          4
 Animate Skeleton         Necr           42%          2%          1
 Apportation              Tloc           42%          2%          1
 Corona                   Hex            23%          2%          1
 Pain                     Necr           84%          2%          1
 Summon Small Mammal      Summ           84%          2%          1
 Call Imp                 Summ           21%          3%          2
 Ensorcelled Hibernation  Hex/Ice        42%          3%          2
 Iskenderun's Mystic Bla  Conj/Tloc      51%          4%          4
 Call Canine Familiar     Summ           21%          7%          3
 Confusing Touch          Hex            21%          7%          3
 Inner Flame              Hex/Fire       21%          7%          3
 Summon Guardian Golem    Hex/Summ       21%          7%          3
 Tukima's Dance           Hex            21%          7%          3
 Vampiric Draining        Necr           10%          7%          3
 Bolt of Magma            Conj/Fire/Erth 21%          22%         5
 Animate Dead             Necr           10%          24%         4
 Summon Ice Beast         Ice/Summ       21%          24%         4
 Freezing Cloud           Conj/Ice/Air   32%          24%         6
 Agony                    Necr           21%          54%         5
 Summon Forest            Summ/Tloc      10%          54%         5


Dungeon Overview and Level Annotations

Branches:
Dungeon (11/15)            Temple (0/1) D:5            Lair (4/6) D:10
 Spider (0/4) Lair:4          Orc (0/2) D:9           IceCv (visited)
  Swamp: Lair:2-4    Shoals: Lair:2-4

Shops:
D:4 *   D:9 *

Annotations:
Lair:4 Rupert


Innate Abilities, Weirdness & Mutations

You have an increased reservoir of magic. (+10% MP)


Message History

You see here a book of Necromancy.
Found a thick glowing staff.
L - a thick glowing staff Rupert is nearby!
Okay, then.
Rupert is nearby!
Aim: Rupert, wielding a +3 great mace of draining and wearing a +0 chain mail (wandering, hasn't noticed you)
The air twists around and strikes Rupert!
Rupert shouts!
Rupert yells loudly at you.
You struggle to resist.
Aim: Rupert, wielding a +3 great mace of draining and wearing a +0 chain mail (lightly wounded)
The air twists around and strikes Rupert!
Aim: Rupert, wielding a +3 great mace of draining and wearing a +0 chain mail (lightly wounded)
The air twists around and strikes Rupert!
You can't see any susceptible monsters within range! (Use Z to cast anyway.) Rupert roars wildly at you.
You suddenly lose the ability to move!
Rupert looks excited.
Rupert hits you with a +3 great mace of draining.
You feel drained.
Rupert hits you with a +3 great mace of draining!
You feel drained.
You can move again.
Rupert roars wildly at you.
You are confused.
You bump into the rock wall.
Rupert shouts, "I'm a great and powerful hero!"
Rupert roars madly and goes into a rage!
Rupert goes berserk!
You feel better. Rupert barely misses you.
Aim: Rupert, wielding a +3 great mace of draining and wearing a +0 chain mail (moderately wounded, berserk, 26% to evade)
You hear a mighty clap of thunder!
The bolt of lightning hits Rupert but does no damage.
The bolt of lightning hits Rupert!!!
Rupert hits you with a +3 great mace of draining!
You feel drained.
Aim: Rupert, wielding a +3 great mace of draining and wearing a +0 chain mail (heavily wounded, berserk, 26% to evade)
You hear a mighty clap of thunder!
The bolt of lightning misses Rupert.
The bolt of lightning hits Rupert.
Rupert hits you with a +3 great mace of draining!!
You feel drained.
* * * LOW HITPOINT WARNING * * *
Aim: Rupert, wielding a +3 great mace of draining and wearing a +0 chain mail (heavily wounded, berserk, 26% to evade)
You hear a mighty clap of thunder!
The bolt of lightning hits Rupert!!
The bolt of lightning hits Rupert!!!
Rupert hits you with a +3 great mace of draining!!
* * * LOW HITPOINT WARNING * * *
You feel drained.
You die...

.........(...........# .....
................##...# ....#.
.P...............##.## .##.#.
..#.(##.........P#..# ##..
..#...#.........###.## ###
..#..##...>..........### .
..#..#.................# #.
....[.......###.@##...##
......#......##.@#.....#
.....#.....#..#.#............#
...#.........^.........##.⌠.#.
...##..................# ###
Y. .....#........≈≈≈≈≈≈...##
####.
...........#..≈≈≈≈≈≈≈.#.#
##.##..
......##..>#.≈≈≈≈≈≈≈≈≈.##
#?.....
...P..[.....≈≈≈≈≈≈≈≈≈.##
...#.#.
........#...≈≈≈≈≈≈≈≈≈≈#
#P...#.


You could see Rupert (berserk).

Vanquished Creatures
  Gastronok (Lair:1)
  Snorg (D:11)
  2 hydras
  A two-headed ogre (D:9)
  3 death yaks (Lair:4)
  Urug (Lair:4)
  Pikel (D:8)
  A necromancer (IceCv)
  An ugly thing (D:11)
  Maurice (D:11)
  Joseph (D:8)
  3 ice statues (IceCv)
  5 cane toads
  A centaur skeleton (D:10)
  A torpor snail (Lair:2)
  8 ice devils (IceCv)
  A komodo dragon (Lair:4)
  2 trolls
  A polar bear (Lair:1)
  A meliai zombie (D:10)
  13 blink frogs (Lair:4)
  A redback (Lair:4)
  A shadow (D:11)
  17 yaks
  6 wyverns
  4 basilisks
  10 water moccasins
  2 ice beasts
  3 orc warriors
  3 sky beasts
  7 ogres
  A lemure (D:8)
  14 wolves
  A centaur (D:10)
  3 phantoms
  A kobold brigand (D:7)
  15 bullfrogs
  4 scorpions
  A water moccasin skeleton (D:7)
  12 killer bees
  An electric eel (Lair:4)
  4 howler monkeys (D:7)
  3 jellies
  A quasit (D:11)
  A bullfrog zombie (D:11)
  3 draconian simulacra (IceCv)
  6 hounds
  A bullfrog skeleton (D:5)
  2 iguanas
  6 orc wizards
  Ijyb (D:4)
  11 worker ants
  A spriggan simulacrum (IceCv)
  2 troll simulacra (IceCv)
  A centaur simulacrum (IceCv)
  A worker ant zombie (D:10)
  10 gnolls
  An ogre simulacrum (IceCv)
  17 adders
  2 naga simulacra (IceCv)
  3 shadow imps
  A white imp (D:7)
  An ufetubus (D:6)
  An ooze (D:5)
  An adder skeleton (D:4)
  An adder zombie (D:7)
  4 worms
  3 dart slugs
  7 leopard geckos
  25 orcs
  9 bats
  2 giant cockroaches (D:2)
  14 goblins
  6 hobgoblins
  7 jackals
  16 kobolds
  2 quokkas
  A ball python (D:2)
  7 frilled lizards
  7 rats
349 creatures vanquished.

Vanquished Creatures (others)
  32 fungi
  88 plants
120 creatures vanquished.

Grand Total: 469 creatures vanquished

Notes
Turn   | Place    | Note
-------+----------+-------------------------------------------
     0 | D:1      | vurker the Demigod Air Elementalist began the quest for the
                  | Orb.
     0 | D:1      | Reached XP level 1. HP: 14/14 MP: 5/5
   123 | D:1      | Reached skill level 1 in Conjurations
   558 | D:1      | Reached XP level 2. HP: 20/20 MP: 5/7
  1515 | D:2      | Reached XP level 3. HP: 22/27 MP: 5/9
  1638 | D:2      | Reached skill level 1 in Fighting
  2242 | D:2      | Reached XP level 4. HP: 32/35 MP: 8/10
  3358 | D:3      | Reached XP level 5. HP: 31/40 MP: 4/12
  3972 | D:4      | Noticed Ijyb
  3987 | D:4      | Killed Ijyb
  4275 | D:4      | Reached skill level 1 in Shields
  4438 | D:4      | Reached XP level 6. HP: 36/48 MP: 1/14
  4728 | D:4      | Found Vukedoe's Assorted Antiques.
  4784 | D:4      | Bought a scroll labelled KOWEMO ASHROTZ for 29 gold pieces
  4784 | D:4      | Bought a scroll labelled WAC FIATARIA for 29 gold pieces
  4784 | D:4      | Bought a scroll labelled TEN NAM UFAPUW for 29 gold pieces
  4784 | D:4      | Bought a scroll labelled NAUTWENG GONASYITS for 29 gold
                  | pieces
  4944 | D:4      | Got a pitted bronze ring
  4972 | D:4      | Identified the ring of the Sky {Dex+5 SInv} (You found it
                  | on level 4 of the Dungeon)
  5121 | D:4      | Learned a level 5 spell: Lightning Bolt
  5126 | D:4      | Learned a level 4 spell: Airstrike
  5127 | D:5      | Entered Level 5 of the Dungeon
  5265 | D:5      | Found a staircase to the Ecumenical Temple.
  5464 | D:5      | Reached XP level 7. HP: 56/56 MP: 10/16
  5643 | D:5      | You fall into a shaft and drop 1 floor!
  5763 | D:6      | Reached skill level 5 in Air Magic
  6847 | D:7      | Reached XP level 8. HP: 63/63 MP: 14/18
  7087 | D:7      | Reached skill level 5 in Spellcasting
  8123 | D:7      | Reached XP level 9. HP: 71/71 MP: 17/21
  9005 | D:8      | Noticed Pikel
  9020 | D:8      | Killed Pikel
  9203 | D:8      | Reached skill level 5 in Conjurations
  9356 | D:8      | Noticed Joseph
  9362 | D:8      | Killed Joseph
  9904 | D:9      | Reached skill level 5 in Fighting
 10056 | D:9      | Found a staircase to the Orcish Mines.
 10336 | D:9      | Noticed a two-headed ogre
 10341 | D:9      | Killed a two-headed ogre
 10342 | D:9      | Reached XP level 10. HP: 69/81 MP: 13/25
 10592 | D:9      | Found an opulent altar of Gozag.
 10805 | D:9      | Found Ziysmos's General Store.
 10808 | D:9      | Bought a scroll of identify for 26 gold pieces
 10808 | D:9      | Bought a scroll of fog for 26 gold pieces
 10937 | D:10     | Entered Level 10 of the Dungeon
 12031 | D:10     | Found a staircase to the Lair.
 12569 | D:11     | Noticed Snorg
 12571 | D:11     | Noticed a green ugly thing
 12699 | D:11     | Found a frozen archway.
 12707 | IceCv    | Entered an ice cave
 12870 | IceCv    | Reached XP level 11. HP: 46/89 MP: 0/27
 14758 | IceCv    | Noticed a necromancer
 14762 | IceCv    | Killed a necromancer
 14969 | D:11     | Noticed Maurice
 14974 | D:11     | Killed Maurice
 15457 | D:11     | Killed Snorg
 15808 | D:11     | Reached skill level 10 in Air Magic
 15971 | Lair:1   | Entered Level 1 of the Lair of Beasts
 16014 | Lair:1   | Noticed a four-headed hydra
 16018 | Lair:1   | Killed a four-headed hydra
 16504 | Lair:1   | Identified the Almanac of the Blaze and the Traveller
 16530 | Lair:1   | Noticed Gastronok
 16542 | Lair:1   | Killed Gastronok
 17652 | Lair:1   | Reached XP level 12. HP: 100/100 MP: 23/30
 18396 | Lair:2   | Reached skill level 10 in Spellcasting
 18640 | Lair:2   | Noticed a four-headed hydra
 18654 | Lair:2   | Killed a four-headed hydra
 19327 | Lair:2   | You fall into a shaft and drop 1 floor!
 19327 | Lair:3   | Noticed a seven-headed hydra
 19330 | Lair:3   | HP: 5/101 [seven-headed hydra (4)]
 19333 | Lair:3   | Noticed a boulder beetle
 19424 | Lair:3   | Noticed a five-headed hydra
 20060 | Lair:4   | Noticed Rupert
 20096 | Lair:4   | Paralysed by Rupert for 4 turns
 20887 | Lair:4   | Found a hole to the Spider Nest.
 20893 | Lair:4   | Noticed Urug
 20898 | Lair:4   | Killed Urug
 21126 | Lair:4   | Paralysed by Rupert for 7 turns
 21139 | Lair:4   | Slain by Rupert

Illustrated notes

Levels and vault maps discovered:
D:1:      tarquinn_simple_flora_water_e, layout_basic, st_stairs_14
D:2:      layout_loops_ring, minmay_randomly_rotated_circles
D:3:      layout_rooms
D:4:      layout_loops_cross, serial_shops, kennysheep_little_box, uniq_ijyb
D:5:      layout_loops_ring, minmay_temple_entry_ruins
D:6:      layout_basic, hangedman_decor_peaks_small
D:7:      layout_loops_ring, enter_bailey_3
D:8:      layout_cave_pools, uniq_pikel, uniq_joseph
D:9:      layout_loops_ring, kennysheep_mini_moat, orc_0_dummy, serial_shops,
          kennysheep_mini
D:10:     layout_loops_ring, grunt_lair_entry_orc_guard_hut
D:11:     layout_irregular_city, portal_ice_cave_entry_pillars_1, uniq_snorg,
          uniq_maurice
Lair:1:   layout_big_grid, chequers_serial_rivers_micro_e, uniq_gastronok
Lair:2:   layout_cave_pods
Lair:3:   nzn_winding_woodlands_large [nzn_winding_woodlands_5x5_cross,
          nzn_winding_woodlands_5x15_pool,
          nzn_winding_woodlands_5x5_closed_star,
          nzn_winding_woodlands_center_garden,
          nzn_winding_woodlands_15x15_five_gardens,
          nzn_winding_woodlands_center_lodge,
          nzn_winding_woodlands_5x5_open_star,
          nzn_winding_woodlands_5x15_jagged,
          nzn_winding_woodlands_5x5_checkerboard], layout_layer_cave,
          minmay_swamp_entry_swarm
Lair:4:   layout_loops_ring, spider_nest_entry_a, grunt_megastairs_1,
          serial_bayou_shore_b, lemuel_fruit_tree, infiniplex_staircase_pool,
          serial_bayou_shore_a, uniq_urug, uniq_rupert

Skill      XL: |  1  2  3  4  5  6  7  8  9 10 11 12 |
---------------+-------------------------------------+-----
Conjurations   | 1 2 3 4 5 6 8 |  8.0
Spellcasting   | 2 3 4 5 7 8 9 11 | 11.0
Air Magic      | 3 4 5 6 8 9 10 11 | 11.9
Fighting       | 1 2 3 4 5 6 7 8 |  8.3
Shields        | 1 2 3 4 |  4.0
Dodging        | |  1.7
Stealth        | |  1.7

Action                   |  1- 3 |  4- 6 |  7- 9 | 10-12 || total
-------------------------+-------+-------+-------+-------++-------
Melee: Unarmed           |     7 |       |       |       ||     7
       Dagger            |    16 |     2 |       |       ||    18
       Whip              |       |       |       |    29 ||    29
 Cast: Shock             |    95 |   182 |   109 |    46 ||   432
       Airstrike         |       |       |   119 |   364 ||   483
       Lightning Bolt    |       |       |       |    19 ||    19
Evoke: Wand              |       |       |       |    18 ||    18
  Use: Potion            |     1 |       |       |     1 ||     2
       Scroll            |       |       |    19 |    13 ||    32
 Stab: Paralysed         |       |       |       |     6 ||     6
Armor: Robe              |     8 |     4 |       |       ||    12
       Leather armour    |       |    11 |     9 |    79 ||    99
Dodge: Dodged            |    36 |    26 |    20 |    96 ||   178
Block: Buckler           |       |     4 |    11 |    45 ||    60

Table legend: (Time is in decaauts)
 A = Elapsed time spent in this place.
 B = Non-inter-level travel time spent in this place.
 C = Inter-level travel time spent in this place.
 D = Time resting spent in this place.
 E = Time spent auto-exploring this place.
 F = Levels seen in this place.
 G = Mean time per level.
                   A        B        C        D        E       F      G
               +--------+--------+--------+--------+--------+-----+--------+
         Total |  21142 |  20698 |    444 |    661 |  17557 |  16 | 1321.4 |
       Dungeon |  13996 |  13647 |    349 |    120 |  12001 |  11 | 1272.4 |
          Lair |   4931 |   4837 |     94 |    155 |   4081 |   4 | 1232.8 |
      Ice Cave |   2215 |   2215 |      0 |    386 |   1475 |   1 | 2215.0 |
               +--------+--------+--------+--------+--------+-----+--------+

Top non-repeatable levels by time:
   IceCv: 2215 daAuts
     D:7: 1989 daAuts
  Lair:1: 1940 daAuts
     D:2: 1823 daAuts
    D:10: 1581 daAuts
  Lair:4: 1535 daAuts
     D:9: 1335 daAuts
    D:11: 1265 daAuts
  Lair:2: 1176 daAuts
     D:4: 1153 daAuts
     D:3: 1121 daAuts
     D:6: 1107 daAuts
     D:8: 1077 daAuts
     D:1: 1025 daAuts
     D:5: 514 daAuts
